 Dungeon Crawl Stone Soup version 0.18.1-48-g4cf74bf (webtiles) character file.

113 PrikolusRex the Grave Robber (level 5, -1/35 HPs)
             Began as a Human Necromancer on Sept 3, 2016.
             Slain by a slave (6 damage)
             ... led by Pikel
             ... on level 4 of the Dungeon.
             The game lasted 00:26:02 (2684 turns).

PrikolusRex the Grave Robber (Human Necromancer)    Turns: 2684, Time: 00:26:03

Health: -1/35      AC:  3    Str:  8    XL:     5   Next: 17%
Magic:  5/10       EV: 13    Int: 16    God:
Gold:   131        SH:  0    Dex: 16    Spells: 4 memorised, 1 level left

rFire  . . .     SeeInvis .     d - +0 short sword
rCold  + . .     Gourm    .     q - +0 robe {rC+}
rNeg   . . .     Faith    .     (no shield)
rPois  .         Spirit   .     (no helmet)
rElec  .         Dismiss  .     (no cloak)
rCorr  .         Reflect  .     (no gloves)
SustAt .         Harm     .     j - +0 pair of boots
MR     .....                    (no amulet)
Stlth  ++........               p - ring of wizardry
                                s - +2 ring of dexterity

@: not resistant to hostile enchantments, unstealthy
A: no striking features
a: no special abilities


You were on level 4 of the Dungeon.
You were hungry.

You visited 1 branch of the dungeon, and saw 4 of its levels.

You collected 131 gold pieces.

Inventory:

Hand Weapons
 d - a +0 short sword (weapon)
 e - a +0 whip
 i - a +0 dagger
Missiles
 x - 20 poisoned needles
Armour
 a - a +0 robe
 j - a +0 pair of boots (worn)
 m - a +0 leather armour
 q - a +0 robe of cold resistance (worn)
Jewellery
 f - an uncursed ring of poison resistance
 p - a ring of wizardry (right hand)
 s - a +2 ring of dexterity (left hand)
Wands
 u - a wand of acid (6/15)
Scrolls
 g - 5 scrolls of teleportation
 n - 2 scrolls of remove curse {unknown}
 o - a scroll of enchant weapon {unknown}
Potions
 k - a potion of might {unknown}
 r - a potion of berserk rage {unknown}
 t - a potion of curing {unknown}
 w - a potion of lignification {unknown}
Books
 b - a book of Necromancy

   Spells                             Type                      Level
   a - Pain                           Necromancy                   1
   b - Animate Skeleton               Necromancy                   1
   c - Vampiric Draining              Necromancy                   3
   d - Regeneration                   Charms/Necromancy            3
   e - Animate Dead                   Necromancy                   4
   f - Control Undead                 Necromancy                   4
Comestibles
 c - 2 bread rations
 h - 4 meat rations
 v - a beef jerky


   Skills:
 + Level 0.2 Fighting
 + Level 0.2 Short Blades
 + Level 2.2 Dodging
 + Level 2.0 Stealth
 + Level 3.3 Spellcasting
 + Level 5.0 Necromancy


You had one spell level left.
You knew the following spells:

 Your Spells              Type           Power        Failure   Level  Hunger
a - Pain                  Necr           ###.         1%          1    None
b - Animate Skeleton      Necr           N/A          1%          1    None
c - Regeneration          Chrm/Necr      ##........   9%          3    ###....
d - Animate Dead          Necr           N/A          12%         4    ####...


Dungeon Overview and Level Annotations

Branches:
Dungeon (4/15)
 Temple: D:4-7

Altars:
Ashenzari
Sif Muna


Message History

The bolt of acid hits the slave.
The acid corrodes the slave!
The slave is almost dead.
Evoking this partially-identified wand wasted a few charges.
The slave barely misses you.
Casting: Pain
Confirm with . or Enter, or press ? or * to list all spells.
Aiming: Pain
Press: ? - help, Shift-Dir - straight line, f/p - slave
Aim: a slave, wearing an animal skin (almost dead, covered in acid, chance to defeat MR: 78%)
The slave convulses in agony!
The slave hits you.
* * * LOW HITPOINT WARNING * * *
As you read the scroll labeled XEMEQYTIWO, it crumbles to dust.
You hear a loud clanging noise!
It was a scroll of noise.
You hear a shout! x4
The slave barely misses you.
Found 14 poisoned needles and 12 gold pieces.
The slave is no longer covered in acid.
The slave hits you.
You die...

#####...###
#.........#
..........#
.#####...## 8
#8...8# #..
####...##
#...##⌠##...#
#.......p...##
8.....(@....8#
#...$.......##
##8###⌠###8##
## ###


You could see a slave.

Vanquished Creatures
  A river rat (D:3)
  3 adders
  A worm (D:2)
  A dart slug (D:1)
  An orc (D:3)
  6 giant cockroaches
  5 goblins
  3 hobgoblins
  4 jackals (D:1)
  A ball python (D:3)
  8 bats
  3 giant newts
  5 kobolds
  9 rats
51 creatures vanquished.

Vanquished Creatures (collateral kills)
  2 adders (D:2)
  A worm (D:2)
  A dart slug (D:2)
  A ball python (D:2)
  3 goblins
  A quokka (D:3)
  A bat (D:2)
  A giant newt (D:2)
  A kobold (D:2)
  2 rats (D:2)
14 creatures vanquished.

Grand Total: 65 creatures vanquished

Notes
Turn   | Place    | Note
--------------------------------------------------------------
     0 | D:1      | PrikolusRex the Human Necromancer began the quest for the Orb.
     0 | D:1      | Reached XP level 1. HP: 13/13 MP: 3/3
     2 | D:1      | Learned a level 1 spell: Animate Skeleton
   186 | D:1      | Reached XP level 2. HP: 16/19 MP: 1/5
   889 | D:1      | Reached XP level 3. HP: 18/24 MP: 2/6
   947 | D:2      | Found a deep blue altar of Sif Muna.
  1088 | D:2      | Learned a level 3 spell: Regeneration
  1462 | D:2      | Reached XP level 4. HP: 23/30 MP: 3/8
  2284 | D:3      | Reached XP level 5. HP: 35/35 MP: 7/9
  2298 | D:3      | Found a glowing drain.
  2461 | D:3      | Reached skill level 5 in Necromancy
  2577 | D:4      | Learned a level 4 spell: Animate Dead
  2617 | D:4      | Found a shattered altar of Ashenzari.
  2645 | D:4      | Noticed a slave
  2684 | D:4      | Slain by a slave

Skill      XL: |  1  2  3  4  5 |
---------------+----------------+-----
Spellcasting   | 3 |  3.3
Necromancy     | 5 |  5.0
Fighting       | |  0.2
Short Blades   | |  0.2
Dodging        | |  2.2
Stealth        | |  2.0

Action                   |  1- 3 |  4- 6 || total
-------------------------+-------+-------++-------
Melee: Dagger            |    19 |       ||    19
       Short sword       |     5 |    33 ||    38
 Cast: Pain              |    40 |    41 ||    81
       Animate Skeleton  |    16 |    10 ||    26
Evoke: Wand              |       |     2 ||     2
  Use: Scroll            |       |     2 ||     2
  Eat: Bread ration      |     1 |       ||     1
       Chunk             |       |     1 ||     1
Armor: Robe              |     9 |    22 ||    31
Dodge: Dodged            |    24 |    49 ||    73
